 Dungeon Crawl Stone Soup version 0.25-a0-670-g50981ef59b (webtiles) character file.

Game seed: 6141287772020508447, levelgen mode: deterministic

764 sanka the Scratcher (level 7, 30/30 HPs)
             Began as a Felid Wanderer on Mar 28, 2020.
             Was an Initiate of Okawaru.
             Quit the game on level 6 of the Dungeon on Mar 29, 2020.
             The game lasted 00:21:03 (9725 turns).

sanka the Scratcher (Felid Wanderer)                Turns: 9725, Time: 00:21:04

Health: 30/30      AC:  2    Str: 13    XL:     7   Next: 51%
Magic:  11/11      EV: 19    Int: 12    God:    Okawaru [......]
Gold:   403        SH:  0    Dex: 19    Spells: 6/10 levels left
                                        Lives:  1   Deaths: 1

rFire    . . .     SeeInvis +     - Unarmed
rCold    . . .     Gourm    .   (shield unavailable)
rNeg     . . .     Faith    .   (armour unavailable)
rPois    .         Spirit   .   (helmet unavailable)
rElec    .         Reflect  .   (cloak unavailable)
rCorr    .         Harm     .   (gloves unavailable)
MR       +....                  (boots unavailable)
Stlth    +++.......             (no amulet)
HPRegen  0.10/turn              l - +5 ring of strength
MPRegen  0.12/turn              (no ring)

@: quick
A: very small, no armour, no weapons or thrown items, stealth, claws 1, fangs 3,
see invisible, carnivore, speed 1, shaggy fur 2, slow metabolism 1, sharp paws
a: Renounce Religion


You were on level 6 of the Dungeon.
You worshipped Okawaru.
Okawaru was noncommittal.
You were not hungry.

You visited 1 branch of the dungeon, and saw 6 of its levels.
You also visited: Sewer.

You collected 403 gold pieces.


Innate Abilities, Weirdness & Mutations

You cannot wear armour.
You are incapable of wielding weapons or throwing items.
Your paws allow you to move quietly. (Stealth)
You have sharp claws.
You have razor-sharp teeth.
You have supernaturally acute eyesight. (SInv)
You are carnivorous and can eat meat at any time.
You cover ground quickly.
You are covered in thick fur. (AC +2)
You have a slow metabolism.
Your sharp claws are effective at attacking unaware monsters.


   Skills:
 + Level 2.5 Fighting
 + Level 3.4 Dodging
 - Level 4.0 Stealth
 * Level 6.9 Unarmed Combat
 - Level 2.0 Spellcasting
 - Level 3.0 Conjurations
 * Level 6.2 Earth Magic


You had 6 spell levels left.
You knew the following spells:

 Your Spells              Type           Power        Failure   Level  Hunger
x - Stone Arrow           Conj/Erth      ##....       12%         3    ####...
z - Sandblast             Erth           ###...       2%          1    ##.....

Your spell library contained the following spells:

 Spells                   Type           Power        Failure   Level  Hunger
 Magic Dart               Conj           #...         8%          1    ##.....
 Passwall                 Tmut/Erth      #.......     12%         2    ###....
 Shock                    Conj/Air       #...         14%         1    ##.....
 Animate Skeleton         Necr           N/A          26%         1    ##.....
 Apportation              Tloc           #.....       26%         1    ##.....
 Corona                   Hex            #......      26%         1    ##.....
 Summon Small Mammal      Summ           #...         26%         1    ##.....
 Blink                    Tloc           N/A          38%         2    ###....
 Call Imp                 Summ           #.......     38%         2    ###....
 Ensorcelled Hibernation  Hex/Ice        #.....       38%         2    ###....
 Slow                     Hex            #.......     38%         2    ###....
 Swiftness                Chrm/Air       #.......     38%         2    ###....
 Conjure Flame            Conj/Fire      #.......     41%         3    ####...
 Static Discharge         Conj/Air       #.......     41%         3    ####...
 Mephitic Cloud           Conj/Pois/Air  #.......     47%         3    ####...
 Lee's Rapid Deconstruct  Erth           ###.......   52%         5    ######.
 Petrify                  Tmut/Erth      #.......     58%         4    #####..
 Call Canine Familiar     Summ           #.......     63%         3    ####...
 Recall                   Summ/Tloc      N/A          63%         3    ####...
 Summon Guardian Golem    Hex/Summ       #.......     63%         3    ####...
 Airstrike                Air            #.........   95%         4    #####..
 Summon Ice Beast         Ice/Summ       #.......     95%         4    #####..
 Summon Lightning Spire   Summ/Air       #.......     95%         4    #####..
 Lightning Bolt           Conj/Air       #.........   99%         5    ######.

Inventory:

Missiles
 a - 119 stones
Jewellery
 l - a +5 ring of strength (left paw)
Wands
 t - a wand of flame (20)
 u - a wand of enslavement (6)
Scrolls
 b - 2 scrolls of enchant weapon {unknown}
 c - 5 scrolls of identify {unknown}
 f - a scroll of magic mapping {unknown}
 g - 2 scrolls of teleportation {unknown}
 o - 3 scrolls of remove curse {unknown}
 p - a scroll of enchant armour {unknown}
 q - a scroll of fog {unknown}
 r - a scroll of immolation {unknown}
 s - a scroll of fear {unknown}
Potions
 e - a potion of lignification {unknown}
 h - 2 potions of curing {@q1}
 i - a potion of brilliance {unknown}
 j - 4 potions of stabbing
 k - a potion of might {unknown}
 m - a potion of invisibility {unknown}
 n - a potion of magic {unknown}
Comestibles
 d - 10 rations
 v - 6 chunks of flesh

Dungeon Overview and Level Annotations

Branches:
Dungeon (6/15)              Sewer (visited)
 Temple: D:4-7

Altars:
Ashenzari
Fedhas
Gozag
Makhleb
Okawaru
Qazlal
Yredelemnul

▒▒▒▒▒.▒ ▒....)▒▒▒▒
▒▒▒▒▒▒▒▒▒▒.▒▒▒.....
▒..............▒▒▒)
▒▒▒.▒▒▒▒▒▒▒▒.▒▒▒▒▒ ▒.
▒.▒.▒ ▒▒▒▒.....▒▒▒)
▒▒▒▒▒▒.▒.▒ ▒.....▒▒.▒...
.......▒.▒▒▒▒▒.....▒▒.▒.▒▒
.........h................
.........▒▒▒▒▒.....▒....▒.
▒▒▒▒▒▒▒▒.▒▒▒▒▒.....▒.▒▒.▒.
▒.............)o..▒.▒▒.▒.
▒.................▒.▒▒.▒▒
▒.................▒.▒▒.▒.
▒.................▒.▒▒.▒.
▒............▒▒▒▒▒▒.▒▒...
▒............▒ ▒▒▒▒


There were no monsters in sight!


Message History

The stone arrow hits the centaur!
The centaur is moderately wounded.
The orc shouts!
The centaur hits you with a +3 dagger!
* * * LOW HITPOINT WARNING * * *
The centaur closely misses you.
Aiming: Stone Arrow (safe; 12% risk of failure)
Aim: a centaur, wielding a +3 dagger and quivering 16 arrows (moderately wounded)
The stone arrow hits the centaur!
The centaur is severely wounded.
The quasit misses you.
The quasit claws you but does no damage.
The quasit completely misses you. The centaur barely misses you.
Aiming: Stone Arrow (safe; 12% risk of failure)
Aim: a centaur, wielding a +3 dagger and quivering 16 arrows (severely wounded)
The stone arrow hits the centaur.
The centaur is almost dead.
The quasit misses you. The quasit closely misses you.
The quasit barely misses you. The centaur hits you with a +3 dagger!
You die...
The quasit misses you. The quasit misses you. The quasit barely misses you.
The centaur misses you.
You are now level 7!
You rejoin the land of the living...
Are you sure you want to abandon this character and quit the game? (Confirm with "yes".)

Action                   |  1- 3 |  4- 6 |  7- 9 || total
-------------------------+-------+-------+-------++-------
Melee: Unarmed           |   147 |   153 |    83 ||   383
       Bite              |    10 |    13 |     8 ||    31
       Punch             |     3 |     1 |     1 ||     5
 Cast: Sandblast         |       |    63 |    41 ||   104
       Stone Arrow       |       |       |    11 ||    11
  Use: Potion            |       |     5 |     1 ||     6
 Stab: Distracted        |     2 |       |     1 ||     3
       Sleeping          |     3 |    16 |     7 ||    26
  Eat: Chunk             |    11 |     8 |     9 ||    28
Armor: Skin              |    13 |    10 |     5 ||    28
Dodge: Dodged            |    99 |   151 |    78 ||   328

Levels and vault maps discovered:
D:1:      onia_arrival_mini_maze_b, layout_basic, serial_park_tiny_1,
          minivault_24
D:2:      layout_loops_ring, minitemple, nicolae_qazlal_general_emergency
D:3:      layout_loops_ring, minmay_misc_feat_room
D:4:      minmay_chambers_of_threes, layout_basic, lemuel_round_altar,
          first_ration, lightli_sewer_entry_pipes
D:5:      layout_layer_cave, basic_altar, minmay_holes,
          minmay_gold_behind_fungi, grunt_gozag_breadcrumbs
D:6:      lemuel_slime, layout_basic, overflow_temple_1_default, uniq_duvessa

Notes
Turn   | Place    | Note
-------+----------+-------------------------------------------
     0 | D:1      | sanka the Felid Wanderer began the quest for the Orb.
     0 | D:1      | sanka set off with the following items: a ration; and the
                  | following spells available to memorise: Sandblast,
                  | Passwall, Apportation, Ensorcelled Hibernation, Slow, Stone
                  | Arrow, Recall, Petrify, Lee's Rapid Deconstruction
     0 | D:1      | Reached XP level 1. HP: 9/9 MP: 4/4
   116 | D:1      | Reached skill level 1 in Unarmed Combat
   336 | D:1      | Reached XP level 2. HP: 8/12 MP: 6/6
   468 | D:1      | Upgraded the game from 0.25-a0-668-gea548f19b6 to
                  | 0.25-a0-670-g50981ef59b
   469 | D:1      | Reached skill level 2 in Unarmed Combat
  1269 | D:1      | Reached XP level 3. HP: 2/15 MP: 7/7
  1764 | D:1      | Reached skill level 3 in Unarmed Combat
  2330 | D:2      | Learned a level 1 spell: Sandblast
  2334 | D:2      | Learned a level 3 spell: Stone Arrow
  2820 | D:2      | Found a stormy altar of Qazlal.
  2866 | D:2      | Reached XP level 4. HP: 16/19 MP: 8/8
  3217 | D:2      | Found a basalt altar of Yredelemnul.
  3291 | D:2      | Found a blossoming altar of Fedhas.
  3342 | D:2      | Reached skill level 3 in Earth Magic
  3543 | D:2      | Noticed an ogre
  3568 | D:2      | Killed an ogre
  3568 | D:2      | Reached skill level 1 in Conjurations
  3568 | D:2      | Reached XP level 5. HP: 17/22 MP: 5/9
  3840 | D:2      | Reached skill level 4 in Unarmed Combat
  4183 | D:3      | Reached skill level 2 in Conjurations
  5345 | D:4      | Gained mutation: You are covered in thick fur. (AC +2)
                  | [Felid growth]
  5345 | D:4      | Reached XP level 6. HP: 25/25 MP: 10/10
  5587 | D:4      | Reached skill level 4 in Earth Magic
  5661 | D:4      | HP: 1/25 [adder (3)]
  5668 | D:4      | Found a glowing drain.
  5689 | Sewer    | Entered a sewer
  6211 | Sewer    | Noticed Purgy
  6238 | Sewer    | Killed Purgy
  6238 | Sewer    | Reached skill level 5 in Unarmed Combat
  6238 | Sewer    | Reached XP level 7. HP: 13/28 MP: 0/11
  6511 | D:4      | Found a burning altar of Makhleb.
  6587 | D:4      | Reached skill level 3 in Conjurations
  6932 | D:4      | Reached skill level 5 in Earth Magic
  7774 | D:4      | Reached skill level 6 in Unarmed Combat
  7904 | D:4      | Reached skill level 2 in Dodging
  7904 | D:4      | Reached XP level 8. HP: 32/32 MP: 2/12
  8160 | D:5      | Entered Level 5 of the Dungeon
  8379 | D:5      | Reached skill level 2 in Fighting
  8556 | D:5      | Found an iron altar of Okawaru.
  8574 | D:5      | Became a worshipper of Warmaster Okawaru
  8779 | D:5      | Found an opulent altar of Gozag.
  9179 | D:6      | Reached skill level 3 in Dodging
  9179 | D:6      | Reached skill level 6 in Earth Magic
  9563 | D:6      | Found a shattered altar of Ashenzari.
  9724 | D:6      | Slain by a centaur
  9725 | D:6      | Reached XP level 7. HP: -1/30 MP: 3/11
  9725 | D:6      | Quit the game

Vanquished Creatures
  Purgy (Sewer)
  5 ogres
  A bullfrog (D:6)
  2 scorpions (D:4)
  A water moccasin skeleton (D:5)
  A howler monkey (D:4)
  3 orc priests
  2 hounds (D:4)
  2 centaur skeletons
  4 orc wizards
  An iguana (D:4)
  A worker ant (D:3)
  A hound zombie (D:5)
  A hound skeleton (D:5)
  A worker ant zombie (D:5)
  3 gnolls (D:4)
  12 adders
  4 river rats (D:4)
  An ooze (D:1)
  4 adder skeletons
  5 worms
  3 dart slugs
  3 leopard geckos
  11 orcs
  14 bats
  4 giant cockroaches
  11 goblins
  8 hobgoblins
  5 jackals
  6 kobolds
  3 ball pythons (Sewer)
  8 frilled lizards
  2 quokka skeletons (D:4)
  20 rats
154 creatures vanquished.

Vanquished Creatures (others)
  3 toadstools (D:5)
3 creatures vanquished.

Grand Total: 157 creatures vanquished
